 Dungeon Crawl Stone Soup version 0.24.0-1-gfbc8707122 (webtiles) character file.

Game seed: 8278507624950698966, levelgen mode: deterministic

123 Arum the Ducker (level 5, -3/33 HPs)
             Began as a Tengu Monk on Oct 28, 2019.
             Was a Believer of Ru.
             Slain by a phantom (4 damage)
             ... on level 3 of the Dungeon.
             The game lasted 00:05:24 (1894 turns).

Arum the Ducker (Tengu Monk)                        Turns: 1894, Time: 00:05:25

Health: -3/33      AC:  7    Str: 12    XL:     5   Next: 7%
Magic:  5/5        EV: 13    Int: 10    God:    Ru [**....]
Gold:   157        SH:  0    Dex: 17    Spells: 4/4 levels left

rFire    . . .     SeeInvis .   r - +1 dagger (antimagic)
rCold    . . .     Gourm    .   (no shield)
rNeg     . . .     Faith    .   i - +0 ring mail
rPois    .         Spirit   .   (helmet restricted)
rElec    .         Reflect  .   (no cloak)
rCorr    .         Harm     .   j - +1 pair of gloves
MR       .....                  (boots unavailable)
Stlth    +.........             (no amulet)
HPRegen  0.11/turn              h - ring of magical power
MPRegen  0.09/turn              p - ring of wizardry

@: no status effects
A: beak, talons 3, inability to use devices, able to fly
a: Fly, Renounce Religion


You were on level 3 of the Dungeon.
You worshipped Ru.
Ru was pleased with you.
You were not hungry.

You visited 1 branch of the dungeon, and saw 3 of its levels.

You collected 157 gold pieces.

Inventory:

Hand Weapons
 a - a +0 falchion
 k - a +0 vampiric dagger
 r - a +1 antimagic dagger (weapon)
Missiles
 m - 5 boomerangs (quivered)
Armour
 i - a +0 ring mail (worn)
 j - a +1 pair of gloves (worn)
Jewellery
 h - a ring of magical power (left hand)
 p - a ring of wizardry (right hand)
Scrolls
 d - a scroll of random uselessness {unknown}
 f - 3 scrolls of remove curse {unknown}
 g - a scroll of identify {unknown}
Potions
 b - a potion of lignification {unknown}
 e - 2 potions of heal wounds {unknown}
 l - a potion of brilliance {unknown}
 n - a potion of haste
 q - a potion of curing {unknown}
Comestibles
 c - 6 rations
 o - 2 chunks of flesh


   Skills:
 + Level 4.0 Fighting
 + Level 1.9(3.1) Short Blades
 - Level 3.8(4.1) Long Blades
 + Level 4.4 Dodging
 - Level 2.0 Stealth


You had 4 spell levels left.
You didn't know any spells.
Your spell library was empty.

Dungeon Overview and Level Annotations

Branches:
Dungeon (3/15)

Altars:
Ru
Sif Muna


Innate Abilities, Weirdness & Mutations

You have a beak for a mouth.
You have claws for feet.
You cannot study or use magical devices.
You can fly continuously.


Message History

The phantom hits you.
* * * LOW HITPOINT WARNING * * *
You hit the phantom but do no damage. Your kick misses the phantom.
The phantom is severely damaged.
You barely miss the phantom. You claw the phantom.
The phantom is severely damaged.
The phantom blinks!
Throwing (i - inventory)
m - 5 boomerangs (quivered)
Press: ? - help, Shift-Dir - straight line, f - phantom
Aim: a phantom (severely damaged)
You throw a boomerang.
The boomerang hits the phantom but does no damage.
The phantom is severely damaged.
You hit the phantom.
The phantom's magic leaks into the air.
Your kick misses the phantom.
The phantom is severely damaged.
You miss the phantom. You claw the phantom.
The phantom is almost destroyed.
The phantom hits you.
You die...

.....#.#
...#.#
#####.#.#
#.......#
#..(....#
#.......#
#.......#
###.......#
#..>.@W[..#
#.#..(....#
#.#.......#
#.......#
#######.#
<# .. ...
##


You could see a phantom.

Vanquished Creatures
  3 adders
  4 worms
  A dart slug (D:2)
  A leopard gecko (D:1)
  5 orcs (D:3)
  A giant cockroach (D:2)
  13 hobgoblins
  9 jackals
  8 kobolds
  3 quokkas
  5 bats
  4 frilled lizards
  10 goblins
  3 rats
70 creatures vanquished.

Notes
Turn   | Place    | Note
-------+----------+-------------------------------------------
     0 | D:1      | Arum the Tengu Monk began the quest for the Orb.
     0 | D:1      | Reached XP level 1. HP: 14/14 MP: 2/2
    63 | D:1      | Reached XP level 2. HP: 17/19 MP: 3/3
   512 | D:1      | Reached XP level 3. HP: 20/23 MP: 4/4
   827 | D:2      | Reached XP level 4. HP: 16/28 MP: 5/5
   828 | D:2      | Reached skill level 1 in Short Blades
  1025 | D:2      | Found a shimmering blue altar of Sif Muna.
  1318 | D:3      | Found a sacrificial altar of Ru.
  1335 | D:3      | Became a worshipper of Ru the Awakened
  1345 | D:3      | Gained mutation: You cannot study or use magical devices.
                  | [Ru sacrifice]
  1345 | D:3      | Reached * piety under Ru
  1345 | D:3      | Reached ** piety under Ru
  1363 | D:3      | Noticed an orc warrior
  1827 | D:3      | Gained mutation: You can fly continuously. [Tengu growth]
  1827 | D:3      | Reached XP level 5. HP: 33/33 MP: 6/6
  1840 | D:3      | Noticed a phantom
  1889 | D:3      | HP: 1/33 [phantom (4)]
  1894 | D:3      | Slain by a phantom

Levels and vault maps discovered:
D:1:      saegor_arrival_simple_a, layout_rooms, nrook_mini_vaults,
          hangedman_decor_peaks_small, columned_hall_lemuel,
          hangedman_decor_diamond_cutter
D:2:      layout_basic, nicolae_overflow_hidden_temple, skrybe_limestone_x
D:3:      layout_basic, old_standard_altar, nicolae_overflow_crystal_walls,
          lemuel_round_altar

Skill      XL: |  1  2  3  4 |
---------------+-------------+-----
Dodging        | 4 |  4.4
Short Blades   | 1 |  1.9
Fighting       | 4 |  4.0
Long Blades    | |  3.8
Stealth        | |  2.0

Action                   |  1- 3 |  4- 6 || total
-------------------------+-------+-------++-------
Melee: Falchion          |    48 |       ||    48
       Kick              |    33 |    41 ||    74
       Peck              |    15 |    19 ||    34
       Dagger            |    57 |   126 ||   183
Throw: Boomerang         |       |     1 ||     1
Invok: Sacrifice Artific |       |     1 ||     1
 Stab: Sleeping          |     2 |       ||     2
  Eat: Chunk             |       |     3 ||     3
Armor: Robe              |     3 |       ||     3
       Ring mail         |    31 |    38 ||    69
Dodge: Dodged            |    86 |    51 ||   137
       Rpst.: Falchion   |    11 |       ||    11
